[Event "*** Titled Tuesday Blitz"]
[Site "Chess.com"]
[Date "2021.02.09"]
[Round "7"]
[White "awesomevishesh"]
[Black "Vugar_Manafov"]
[Result "0-1"]
[WhiteElo "2497"]
[BlackElo "2656"]
[TimeControl "180+1"]
[EndTime "11:18:13 PST"]
[Termination "Vugar_Manafov won on time"]

1. d4 Nf6 2. c4 e6 3. g3 Bb4+ 4. Nd2 O-O 5. Bg2 d5 6. Nf3 Nbd7 7. O-O c6 8. Qc2 a5 9. e4 Bxd2 10. Nxd2 dxe4 11. Nxe4 e5 12. dxe5 Nxe5 13. Bg5 Neg4 14. Rad1 Qe7 15. Rfe1 Bf5 16. h3 Bxe4 17. Bxe4 Qc5 18. Bf4 Nxe4 19. hxg4 Ng5 20. Kg2 Rfe8 21. Rxe8+ Rxe8 22. Qf5 Ne6 23. Qxc5 Nxc5 24. Be3 Na4 25. b3 Nc3 26. Rd2 f6 27. Bb6 a4 28.
b4 Re4 29. Bd4 Nxa2 30. Rxa2 Rxd4 31. Rxa4 Rxc4 32. Kf3 Kf7 33. Ke3 Ke6 34. f4 b5 35.
Ra6 Kd5 36. Ra8 Rxb4 37. Rd8+ Kc4 38. Rc8 Rb3+ 39. Ke4 c5 40. Kf5 Rxg3 41. Rc7 g6+ 42. Kxf6 Rxg4 43. Ke5 b4 44. Rxh7 b3 45. Rb7 Kc3 46.
f5 gxf5 47. Kxf5 Rb4 0-1

[Event "*** Titled Tuesday Blitz"]
[Site "Chess.com"]
[Date "2021.02.09"]
[Round "7"]
[White "ega2006"]
[Black "GianmarcoVaR"]
[Result "0-1"]
[WhiteElo "2404"]
[BlackElo "2576"]
[TimeControl "180+1"]
[EndTime "11:18:13 PST"]
[Termination "GianmarcoVaR won by checkmate"]

1. e4 c5 2. Nf3 d6 3. Bb5+ Nd7 4. a4 Nf6 5. Nc3 a6 6. Be2 g6 7. O-O Bg7 8. d3 O-O 9. Nh4 Rb8 10. a5 Ne5 11. f4 Nc6 12. Be3 Nxa5 13. g4 Nc6 14. g5 Ne8 15. Bg4 Nd4 16. Rf2 Bxg4 17. Qxg4 f5 18. Qg3 e6 19. Nf3 Rc8 20. h4 d5 21. e5 Nxf3+ 22. Rxf3 d4 23. Bf2 dxc3 24. bxc3 c4 25. d4 Qd5 26. h5 Nc7 27. Kg2 Rfd8 28. Rh1 Kf7 29. Qh2 Rh8 30. Qg1 Ra8 31. Be3 b5 32. Kf2 a5 33. Rfh3 Qe4 34. Qd1 Nd5 35. Bd2 Nxf4 36. Rh4 Qg2+ 37. Ke3 Nd5# 0-1

[Event "*** Titled Tuesday Blitz"]
[Site "Chess.com"]
[Date "2021.02.09"]
[Round "7"]
[White "GigaQuparadze"]
[Black "vinniethepooh"]
[Result "1/2-1/2"]
[WhiteElo "2910"]
[BlackElo "2760"]
[TimeControl "180+1"]
[EndTime "11:18:14 PST"]
[Termination "Game drawn by agreement"]

1. e4 c5 2. Nf3 d6 3. d4 cxd4 4. Nxd4 Nf6 5. Nc3 a6 6. h3 e6 7. g4 d5 8. Nde2 Nc6 9. exd5 Nxd5 10. Nxd5 exd5 11. Bg2 h5 12. gxh5 Bd6 13. h6 gxh6 14.
O-O Rg8 15. Ng3 Be6 16. Qh5 Qc7 17. Qh4 Ne5 18. Bxh6 Ng6 19. Qa4+ b5 20. Qb3 Nh4 21. Kh1 Bxg3 22. fxg3 Qxg3 23. Qxg3 Rxg3 24. Rf2 Nxg2 25.
Rxg2 Rxh3+ 26. Rh2 Rxh2+ 27. Kxh2 Kd7 28. Bg7 Rg8 29.
Rg1 Rc8 30. c3 b4 31. cxb4 Rc4 32. a3 Rh4+ 33. Kg3 Rg4+ 34. Kf2 Rxg1 35. Kxg1 Kc6 36. Kf2 Kb5 37. b3 d4 38. Bxd4 Bxb3 39. Ke3 a5 40.
bxa5 Kxa5 41. Kf4 Ka4 42. Bc5 Bc4 43. Ke5 Bb3 44. Kd4 Be6 45. Bd6 Bb3 46. Be7 Be6 47.
Bd6 Bb3 48. Be7 Be6 49. Bb4 Bb3 50. Ke5 Be6 51. Kf6 1/2-1/2

[Event "*** Titled Tuesday Blitz"]
[Site "Chess.com"]
[Date "2021.02.09"]
[Round "7"]
[White "Grineva_Marianna"]
[Black "jens1102"]
[Result "0-1"]
[WhiteElo "2221"]
[BlackElo "2459"]
[TimeControl "180+1"]
[EndTime "11:18:14 PST"]
[Termination "jens1102 won on time"]

1. e4 e6 2. d4 d5 3. Nd2 c5 4. Ngf3 cxd4 5. exd5 Qxd5 6. Bc4 Qd7 7. O-O Nc6 8. Nb3 Nf6 9. Nbxd4 Nxd4 10. Nxd4 a6 11. Bb3 Bc5 12. Be3 Qc7 13. Qf3 O-O 14. Rad1 e5 15.
Nf5 e4 16. Qh3 Qe5 17. g4 Nxg4 18. Qxg4 Bxf5 19. Qg2 Rad8 20. Kh1 h5 21. Bxc5 Qxc5 22.
Rxd8 Rxd8 23. Rg1 Bg4 24. Qxe4 Qxf2 25. Bxf7+ Kxf7 26. Qxb7+ Rd7 27. Qb3+ Kf8 28. Qb8+ Kf7 29. Qb3+ Kf6 30. Qc3+ Qd4 31. Qc6+ Rd6 32. Rf1+ Kg6 33. Qe8+ Kh7 34. Qf8 Qd5+ 35. Kg1 Qc5+ 36. Kh1 Qc6+ 37. Kg1 Qb6+ 38. Kh1 Qb7+ 39. Kg1 Rg6 40. Qf4 Bh3+ 0-1

[Event "*** Titled Tuesday Blitz"]
[Site "Chess.com"]
[Date "2021.02.09"]
[Round "7"]
[White "kidagent"]
[Black "ChessFighter1975"]
[Result "0-1"]
[WhiteElo "2270"]
[BlackElo "2421"]
[TimeControl "180+1"]
[EndTime "11:18:14 PST"]
[Termination "ChessFighter1975 won by checkmate"]

1. e4 d6 2. d4 Nf6 3. Bd3 Nbd7 4. c3 e5 5. Nf3 c6 6. O-O Be7 7. Re1 b5 8. Nbd2 Bb7 9. Nf1 O-O 10. Ng3 Re8 11.
Bg5 Bf8 12. a4 a6 13. Qd2 Qc7 14. Nf5 d5 15. dxe5 Nxe5 16. Nxe5 Qxe5 17. f4 Qe6 18. e5 Nd7 19. Kh1 Nc5 20. Bc2 bxa4 21. Nd4 Qg4 22. Re3 Ne4 23. Rxe4 dxe4 24. Bxe4 h6 25. Bf5 Qh5 26. Bd7 hxg5 27. Bxe8 Rxe8 28. Rf1 c5 29. Nf5 Qg4 30. Ne3 Qh5 31. Kg1 gxf4 32. Rxf4 Qxe5 33. Nc4 Qg5 34. Qf2 Re1+ 35. Qxe1 Qxg2# 0-1

[Event "*** Titled Tuesday Blitz"]
[Site "Chess.com"]
[Date "2021.02.09"]
[Round "7"]
[White "soumeow"]
[Black "CakeinSpace2002"]
[Result "0-1"]
[WhiteElo "2224"]
[BlackElo "2360"]
[TimeControl "180+1"]
[EndTime "11:18:16 PST"]
[Termination "CakeinSpace2002 won on time"]

1. d4 Nf6 2. c4 g6 3. Nc3 Bg7 4. e4 d6 5. Nf3 O-O 6. Be2 c5 7. d5 e5 8. dxe6 fxe6 9. e5 dxe5 10. Qxd8 Rxd8 11. Nxe5 Nbd7 12. Nd3 b6 13. Bf3 Rb8 14.
Be3 Nf8 15. O-O-O Bb7 16. Bxb7 Rxb7 17. Ne5 Rbb8 18. Nb5 a6 19. Nd6 Ra8 20. Nc6 Rd7 21. Ne5 Rxd6 22. Rxd6 Ne4 23. Rxb6 Bxe5 24. Rd1 Bd4 25.
Bxd4 cxd4 26. f3 Nd7 27. Rc6 Nef6 28. Rxd4 Kf7 29. Rdd6 a5 30. Rxe6 a4 31. a3 Rb8 32.
Red6 Ke7 33. Re6+ Kf7 34. Re3 Nb6 35. Rc7+ Kf8 36. Ree7 Kg8 37. Rg7+ Kh8 38. Rgf7 Ne8 39. Rxh7+ Kg8 40. Rce7 Nxc4 0-1

[Event "*** Titled Tuesday Blitz"]
[Site "Chess.com"]
[Date "2021.02.09"]
[Round "7"]
[White "JiiHart"]
[Black "jamalm2"]
[Result "1-0"]
[WhiteElo "2106"]
[BlackElo "1941"]
[TimeControl "180+1"]
[EndTime "11:18:16 PST"]
[Termination "JiiHart won on time"]

1. e4 c6 2. d4 d5 3. Nc3 dxe4 4. Nxe4 Bf5 5. Ng3 Bg6 6. h4 h6 7. N1e2 e6 8. Nf4 Bh7 9. Bc4 Bd6 10. Ngh5 Bf8 11. Qe2 Qe7 12. Bd2 Nf6 13. O-O-O Nxh5 14. Nxh5 Nd7 15. Bd3 Bxd3 16. Qxd3 g6 17. Ng3 Bg7 18.
Ne4 O-O-O 19. Qb3 f5 20. Bb4 c5 21. Nxc5 Nxc5 22. Bxc5 Qc7 23. Bxa7 Rd6 24. Bc5 Rc6 25. Rhe1 b6 26. Bb4 Qf4+ 27. Kb1 Bxd4 28. Rxe6 Rc7 29. Bd6 Qg4 30. f3 Qxg2 31. Bxc7 Qe2 32. Rxe2 Kxc7 33. Qc4+ Kb7 34. Qxd4 Rc8 35. Qd5+ Kb8 36. Re7 1-0

[Event "*** Titled Tuesday Blitz"]
[Site "Chess.com"]
[Date "2021.02.09"]
[Round "7"]
[White "ShapkinAnatoliy"]
[Black "esrosenberg"]
[Result "0-1"]
[WhiteElo "2666"]
[BlackElo "2090"]
[TimeControl "180+1"]
[EndTime "11:18:17 PST"]
[Termination "esrosenberg won by resignation"]

1. e4 e6 2. Nf3 d5 3. d3 dxe4 4. dxe4 Qxd1+ 5. Kxd1 Bc5 6. Nbd2 Bxf2 7. Bd3 f6 8. c3 Nd7 9. Ke2 Bb6 10. Nc4 Nc5 11. Bc2 e5 12. h4 Bg4 13. a4 a5 14.
Nxb6 cxb6 15. Be3 Ne7 16. Kf2 O-O-O 17. Rhd1 h5 18. b4 Rxd1 19. Rxd1 Nd7 20. Bb3 Kc7 21.
Bc4 Rc8 22. Bb5 Nc6 23. bxa5 bxa5 24. Rd2 Nf8 25. Ne1 Ne6 26. Nd3 Rd8 27. Rc2 g5 28.
Nc5 Nxc5 29. Bxc5 b6 30. Be3 gxh4 31. Rc1 Na7 32. Rh1 Nxb5 33. axb5 h3 34. gxh3 Bd7 35. h4 Bxb5 36. Rg1 Bc4 37. Rg7+ Kc6 38. Rg6 Rd6 39. Rh6 a4 40. Rxh5 a3 41. Rh8 Ba6 42. Rg8 a2 43.
Rg1 Bc4 44. h5 Rd7 45. h6 Ra7 46. Ra1 Rh7 47. Kg3 b5 48. Kg4 Kd6 49. Kf5 Ke7 50. Kg6 Bg8 51. Bc5+ Ke6 52. Rd1 Rc7 53. Rd6+ Ke7 54.
Ra6+ Rxc5 55. Kg7 Bc4 56. h7 Rc8 57. h8=Q Rxh8 58. Kxh8 b4 59. Ra7+ Kd6 60. cxb4 Kc6 61. Ra5 f5 62. exf5 e4 63. f6 e3 64. f7 Bxf7 65.
Rc5+ Kb6 66. Rc1 Bb3 67. Kg7 e2 68. Kf6 Bd1 69. Ra1 e1=Q 70. Rxa2 Qc3+ 71. Kg5 Qxb4 72. Rf2 Qg4+ 73. Kf6 Qh4+ 0-1

[Event "*** Titled Tuesday Blitz"]
[Site "Chess.com"]
[Date "2021.02.09"]
[Round "7"]
[White "WiktoriaPOL"]
[Black "Rogarcia1"]
[Result "1/2-1/2"]
[WhiteElo "2026"]
[BlackElo "2250"]
[TimeControl "180+1"]
[EndTime "11:18:17 PST"]
[Termination "Game drawn by repetition"]

1. e4 d5 2. exd5 Qxd5 3. Nc3 Qa5 4. d4 Nf6 5. Nf3 Bf5 6. Bd3 e6 7. Bxf5 Qxf5 8. O-O Be7 9. Be3 O-O 10. Qd2 Rd8 11. Bf4 c6 12. Bg3 Na6 13. Rad1 Nb4 14. a3 Nbd5 15.
Rfe1 Nxc3 16. Qxc3 Ne4 17. Qe3 Nxg3 18. hxg3 Bf6 19.
c3 Rac8 20. Ne5 Bxe5 21. Qxe5 Qxe5 22. dxe5 Kf8 23. Kf1 Ke7 24. Ke2 Rd5 25. f4 Rcd8 26.
Rxd5 Rxd5 27. Rd1 f6 28. Rxd5 cxd5 29. Ke3 fxe5 30. fxe5 Kd7 31. Kd4 Kc6 32. c4 dxc4 33.
Kxc4 b5+ 34. Kd4 a5 35. b4 axb4 36. axb4 Kb6 37. g4 g5 38. g3 Kc6 39. Ke4 Kb6 40. Kd4 Kc6 41. Ke4 h6 42. Kd4 Kb6 43.
Ke4 Kc7 44. Kd4 Kc6 45. Ke4 Kb7 46. Kd4 Kc6 47. Ke4 Kd7 48. Kd4 Kc6 1/2-1/2

[Event "*** Titled Tuesday Blitz"]
[Site "Chess.com"]
[Date "2021.02.09"]
[Round "7"]
[White "bocah_sakit"]
[Black "juancruzarias"]
[Result "1-0"]
[WhiteElo "2846"]
[BlackElo "2632"]
[TimeControl "180+1"]
[EndTime "11:18:18 PST"]
[Termination "bocah_sakit won by resignation"]

1. e4 e6 2. d4 d5 3. Nc3 Nf6 4. e5 Nfd7 5. f4 c5 6. Nf3 Nc6 7. Be3 Be7 8. Qd2 O-O 9. dxc5 Nxc5 10. O-O-O Qa5 11. Kb1 Bd7 12. h4 Rac8 13. h5 Na4 14.
Nxa4 Qxa4 15. Nd4 Nxd4 16. Bxd4 Bb5 17. h6 g6 18. Bd3 Bxd3 19. Qxd3 Bc5 20. c3 Bxd4 21.
cxd4 Rc4 22. g4 Rfc8 23. Rh2 Qc6 24. Qd2 Qd7 25. Rf2 a5 26. f5 a4 27. fxg6 fxg6 28. Qg5 Qc7 29. a3 Rc2 30. Qf4 b5 31. Rdf1 Rxf2 32. Qxf2 b4 33. axb4 a3 34. bxa3 Qb7 35. Rc1 Rxc1+ 36. Kxc1 Qa6 37. Kb2 Qc4 38. Qd2 g5 39.
Qxg5+ Kf8 40. Qf6+ Ke8 41. Qxe6+ Kd8 42. Qd6+ Ke8 43.
Qc5 Qe2+ 44. Qc2 Qe4 45. Qxe4 1-0

[Event "*** Titled Tuesday Blitz"]
[Site "Chess.com"]
[Date "2021.02.09"]
[Round "7"]
[White "Zmeeed63"]
[Black "FMKonstantin_Twitch"]
[Result "1-0"]
[WhiteElo "2451"]
[BlackElo "2615"]
[TimeControl "180+1"]
[EndTime "11:18:18 PST"]
[Termination "Zmeeed63 won by resignation"]

1. d4 Nf6 2. c4 g6 3. Nc3 d5 4. Nf3 Bg7 5. Bg5 dxc4 6. e4 O-O 7. Bxc4 c5 8. d5 b5 9. Bxf6 Bxf6 10. Bxb5 Bxc3+ 11. bxc3 Qa5 12. Qd3 Nd7 13. Bxd7 Bxd7 14. O-O Rab8 15. h3 Rb2 16. Qe3 Rfb8 17. c4 Rc2 18. e5 Rxc4 19. e6 fxe6 20. dxe6 Be8 21. Qh6 Qc3 22.
Rac1 Qb4 23. Rb1 Qxb1 24. Rxb1 Rxb1+ 25. Kh2 Rbb4 26. a3 Ra4 27. Qg5 Kf8 28. Qe5 Kg8 29. Qb8 Kf8 30. Ne5 Rd4 31. Nd7+ Kg7 32. Qxe8 1-0

[Event "*** Titled Tuesday Blitz"]
[Site "Chess.com"]
[Date "2021.02.09"]
[Round "7"]
[White "elohunter1999"]
[Black "Angel_Hranitel_37"]
[Result "0-1"]
[WhiteElo "2649"]
[BlackElo "2499"]
[TimeControl "180+1"]
[EndTime "11:18:18 PST"]
[Termination "Angel_Hranitel_37 won on time"]

1. d4 Nf6 2. c4 g6 3. Nc3 Bg7 4. e4 O-O 5. Nf3 d6 6. Be2 e5 7.
O-O Bg4 8. d5 a5 9. Ne1 Bd7 10.
Nd3 Na6 11. Be3 b6 12. f3 Nh5 13. a3 f5 14. b4 Nf4 15. Rb1 axb4 16. axb4 fxe4 17.
Nxe4 Bh6 18. Nxf4 Bxf4 19. Bxf4 Rxf4 20. c5 bxc5 21. Bxa6 Rxa6 22. bxc5 Bf5 23. g3 Bxe4 24. fxe4 Qg5 25. Rb8+ Kg7 26. Rxf4 exf4 27. Qd4+ Kh6 28. Rb3 fxg3 29. Rxg3 Qc1+ 30. Kg2 Ra2+ 31. Kh3 Qf1+ 32. Kg4 Rxh2 33. Qe3+ Kg7 34. Qc3+ Kg8 35. Rf3 Qg2+ 36. Kf4 Rh4+ 37. Ke3 Qxf3+ 0-1

[Event "*** Titled Tuesday Blitz"]
[Site "Chess.com"]
[Date "2021.02.09"]
[Round "7"]
[White "leoduarte"]
[Black "KononenkoD"]
[Result "1-0"]
[WhiteElo "2399"]
[BlackElo "2516"]
[TimeControl "180+1"]
[EndTime "11:18:18 PST"]
[Termination "leoduarte won by checkmate"]

1. e4 c6 2. d4 d5 3. Nc3 dxe4 4.
Nxe4 Bf5 5. Ng3 Bg6 6. h4 h6 7. Nf3 Nd7 8. h5 Bh7 9. Bd3 Bxd3 10. Qxd3 e6 11. Bd2 Ngf6 12. O-O-O Be7 13. Kb1 O-O 14. Ne4 c5 15. g4 Nxg4 16. Qe2 cxd4 17. Rdg1 f5 18.
Nxd4 Qb6 19. Bc3 Nge5 20. f4 fxe4 21. fxe5 Rac8 22. Rxg7+ Kxg7 23. Qg4+ Bg5 24. Nxe6+ Kh8 25. Nxf8 Rxc3 26. Qxd7 Rc7 27. Ng6+ Kg8 28. Qe8+ Kg7 29. Rf1 Qe6 30. Qh8# 1-0

[Event "*** Titled Tuesday Blitz"]
[Site "Chess.com"]
[Date "2021.02.09"]
[Round "7"]
[White "Goryachkina"]
[Black "frazier69"]
[Result "0-1"]
[WhiteElo "2666"]
[BlackElo "2523"]
[TimeControl "180+1"]
[EndTime "11:18:19 PST"]
[Termination "frazier69 won by resignation"]

1. e4 c5 2. Nf3 Nc6 3. Bb5 g6 4. O-O Bg7 5. Re1 e5 6. b4 cxb4 7. a3 b3 8. cxb3 Nge7 9. Nc3 O-O 10.
Bb2 d6 11. h3 h6 12. d3 g5 13. Qd2 Ng6 14. Bxc6 bxc6 15. d4 Qf6 16. dxe5 dxe5 17. Qe3 Nf4 18. Ne2 Re8 19. Nxf4 gxf4 20. Qc5 Qg6 21. Kh2 Qh5 22. Qc3 Re6 23. Rad1 Rg6 24. Rd8+ Kh7 25. Red1 Rxg2+ 26. Kxg2 Bxh3+ 27. Kh2 Bg4+ 28. Kg1 Rxd8 0-1

[Event "*** Titled Tuesday Blitz"]
[Site "Chess.com"]
[Date "2021.02.09"]
[Round "7"]
[White "BilodeauA"]
[Black "RD4ever"]
[Result "0-1"]
[WhiteElo "2900"]
[BlackElo "2881"]
[TimeControl "180+1"]
[EndTime "11:18:20 PST"]
[Termination "RD4ever won by checkmate"]

1. e4 e6 2. d4 d5 3. Nd2 c5 4. exd5 exd5 5. Ngf3 Nc6 6. Bb5 Qe7+ 7. Qe2 Qxe2+ 8.
Kxe2 a6 9. Bxc6+ bxc6 10. Re1 f6 11. b3 cxd4 12. Nxd4 c5 13. N4f3 Kf7 14. c4 Bb7 15. Ba3 d4 16. Kd3 Nh6 17. Ne4 Rc8 18. Rab1 a5 19. h3 Be7 20. Re2 Rhd8 21. Rbe1 Bf8 22. g4 a4 23. Bc1 Ng8 24. h4 axb3 25.
axb3 Ne7 26. h5 Nc6 27. Bd2 Ra8 28. Rb1 h6 29. Ree1 Re8 30. Re2 Bc8 31. Rg1 Ra3 32.
Kc2 d3+ 33. Kxd3 Rxb3+ 34. Bc3 Nb4+ 35. Kd2 Bb7 36. Rge1 Rd8+ 37. Ke3 Rxc3+ 38. Nxc3 Rd3+ 39. Kf4 Rxf3# 0-1

[Event "*** Titled Tuesday Blitz"]
[Site "Chess.com"]
[Date "2021.02.09"]
[Round "7"]
[White "GelmanAlexander"]
[Black "champ2005"]
[Result "0-1"]
[WhiteElo "2602"]
[BlackElo "3005"]
[TimeControl "180+1"]
[EndTime "11:18:20 PST"]
[Termination "champ2005 won on time"]

1. d4 Nf6 2. Nc3 d5 3. Bf4 e6 4. Nb5 Na6 5. e3 c6 6. Nc3 Nc7 7. Nf3 Bd6 8. Ne5 O-O 9. Qf3 c5 10. dxc5 Bxc5 11. Bd3 Bd6 12. O-O-O b5 13. Qh3 b4 14.
Ne2 Nce8 15. Nd4 a5 16. g4 g6 17. Rdg1 a4 18. Qh6 b3 19. a3 bxc2 20. h4 Qb6 21. h5 Rb8 22. Bxc2 Qxb2+ 23. Kd1 Ba6 24. hxg6 fxg6 25.
Nxe6 Bxa3 26. e4 Qa1+ 27. Kd2 Bb4+ 28. Ke3 Qc3+ 29. Nd3 dxe4 0-1

[Event "*** Titled Tuesday Blitz"]
[Site "Chess.com"]
[Date "2021.02.09"]
[Round "7"]
[White "ybruned"]
[Black "Dahamdi_Sanudula"]
[Result "1-0"]
[WhiteElo "2289"]
[BlackElo "1769"]
[TimeControl "180+1"]
[EndTime "11:18:22 PST"]
[Termination "ybruned won by resignation"]

1. b3 Nf6 2. Bb2 e6 3. Nf3 d5 4. e3 Be7 5. Be2 O-O 6. O-O b6 7. d4 Bb7 8. Nbd2 Nbd7 9. c4 Ne4 10. Ne5 f5 11. f4 c5 12. Nxe4 fxe4 13. Bg4 Rf6 14. Rc1 Bf8 15. Kh1 Qe7 16. Nxd7 Qxd7 17. dxc5 Bxc5 18. Bxf6 gxf6 19. cxd5 Bxd5 20. Qe2 f5 21.
Bh3 a5 22. Rfd1 Qg7 23. g3 a4 24. bxa4 Rxa4 25. Rc2 h6 26. Bxf5 exf5 27. Rxd5 Kh7 28. Qd1 Ra7 29. Rcd2 Be7 30. Rd7 Rxd7 31. Rxd7 Kg8 32. Qd5+ Kf8 33. Qxf5+ Ke8 34. Rd1 Qc3 35. Qxe4 Kf7 36. Qd5+ Ke8 37. Qd4 Qc6+ 38. Qd5 Qc2 39. Qd3 Qc6+ 40. e4 Kf7 41. Qd5+ 1-0

[Event "*** Titled Tuesday Blitz"]
[Site "Chess.com"]
[Date "2021.02.09"]
[Round "7"]
[White "Deepweb2020"]
[Black "rugbyclub"]
[Result "1-0"]
[WhiteElo "2473"]
[BlackElo "2295"]
[TimeControl "180+1"]
[EndTime "11:18:23 PST"]
[Termination "Deepweb2020 won by checkmate"]

1. d4 Nf6 2. c4 g6 3. g3 Bg7 4. Nf3 O-O 5. Bg2 d6 6. O-O Nc6 7. Nc3 a6 8. b3 Bd7 9. e4 e6 10. Bg5 h6 11. Bf4 Nxd4 12. Nxd4 e5 13.
Be3 exd4 14. Bxd4 Ng4 15. h3 Bxd4 16. Qxd4 Ne5 17. Nd5 Bxh3 18. f4 Bxg2 19. Kxg2 c6 20. fxe5 cxd5 21. exd5 dxe5 22. Qxe5 Qa5 23. Qf4 Kh7 24. Rh1 h5 25. a4 Rae8 26. Rxh5+ Kg8 27. Qh6 Re2+ 28. Kf3 gxh5 29. Qg5+ Kh7 30. Qxh5+ Kg7 31. Qg5+ Kh7 32. Rh1+ Rh2 33. Rxh2# 1-0

[Event "*** Titled Tuesday Blitz"]
[Site "Chess.com"]
[Date "2021.02.09"]
[Round "7"]
[White "FMalexhdez"]
[Black "BvsN"]
[Result "0-1"]
[WhiteElo "2184"]
[BlackElo "2347"]
[TimeControl "180+1"]
[EndTime "11:18:23 PST"]
[Termination "BvsN won by resignation"]

1. e4 c5 2. Nf3 e6 3. d4 cxd4 4. Nxd4 Nf6 5. Nc3 Nc6 6. g3 Be7 7.
Bg2 d5 8. exd5 Nxd5 9. Nxd5 exd5 10. O-O O-O 11. c3 Bf6 12. Be3 Re8 13. Qb3 Nxd4 14. Bxd4 Bxd4 15. cxd4 Be6 16. Qxb7 Qa5 17. b4 Qa3 18. b5 Rab8 19. Qa6 Qxa6 20. bxa6 Rb6 21.
Rfb1 Reb8 22. Rxb6 Rxb6 23. a4 Rxa6 24. a5 Kf8 25.
Bf1 Rc6 26. Rb1 Bc8 27. Rb5 Rc1 28. Rb8 Ke7 29. Kg2 Kd6 30. Ra8 Rc7 31. Kf3 Kc6 32. h4 Kb7 33. Rxc8 Kxc8 34. Kf4 Kd7 35. Ke5 Kc6 36. Bg2 Re7+ 37. Kf5 Kd6 38. f4 Re2 39. Bf1 Rd2 40. g4 Rxd4 41. g5 g6+ 0-1

[Event "*** Titled Tuesday Blitz"]
[Site "Chess.com"]
[Date "2021.02.09"]
[Round "7"]
[White "Stormeman100100"]
[Black "Unknown_IM"]
[Result "1-0"]
[WhiteElo "2531"]
[BlackElo "2353"]
[TimeControl "180+1"]
[EndTime "11:18:24 PST"]
[Termination "Stormeman100100 won by resignation"]

1. d4 Nf6 2. c4 c5 3. e3 g6 4. Nc3 Bg7 5. Nf3 O-O 6. d5 d6 7. Be2 Nbd7 8. O-O a6 9. a4 Qc7 10. e4 Ne8 11. Bf4 Ne5 12. Nd2 f5 13. exf5 Bxf5 14.
Bg3 Qb6 15. Nde4 h6 16. f4 Nd7 17. a5 Qc7 18. Bh4 Nef6 19. Ng3 b6 20. Nxf5 gxf5 21. Bd3 Ng4 22. Qf3 h5 23. Bxe7 Rfe8 24. Bg5 Re3 25.
Qd1 Bd4 26. Kh1 Rf8 27. Ne2 Bxb2 28. Rb1 Bg7 29. axb6 Nxb6 30. Ng3 Rxg3 31. hxg3 Ne3 32. Qxh5 Nxf1 33. Rxf1 a5 34. g4 a4 35. Bxf5 Rxf5 36. gxf5 Qf7 37. Qg6 Nxc4 38. Re1 Qxg6 39. fxg6 Kf8 40. f5 Bd4 41. f6 Ne5 42. Bh6+ Kg8 43. Rxe5 1-0

[Event "*** Titled Tuesday Blitz"]
[Site "Chess.com"]
[Date "2021.02.09"]
[Round "7"]
[White "Volodar_Murzin"]
[Black "Onischuk_V"]
[Result "0-1"]
[WhiteElo "2620"]
[BlackElo "2828"]
[TimeControl "180+1"]
[EndTime "11:18:25 PST"]
[Termination "Onischuk_V won on time"]

1. e4 d6 2. Nf3 Nf6 3. Nc3 g6 4. d4 Bg7 5. Bc4 O-O 6. O-O Nxe4 7. Nxe4 d5 8. Bd3 dxe4 9. Bxe4 Nd7 10. c3 c5 11. Be3 cxd4 12. Nxd4 a6 13. Re1 Qc7 14. h3 Nc5 15. Bf3 Rd8 16. Qe2 e5 17. Nc6 bxc6 18. Bxc5 Be6 19. Rad1 a5 20. Rxd8+ Rxd8 21. Qa6 Rb8 22.
b3 Bd5 23. c4 Bxf3 24. gxf3 Qd7 25. Kg2 Qd2 26. Re3 Qxa2 27. Qxc6 h5 28. Rd3 Qc2 29.
Rd7 Qf5 30. Rb7 Rc8 31. Qd5 Bh6 32. Be3 Bxe3 33. fxe3 Re8 34. Qe4 Qg5+ 0-1

[Event "*** Titled Tuesday Blitz"]
[Site "Chess.com"]
[Date "2021.02.09"]
[Round "7"]
[White "Iskusnyh"]
[Black "BogdanDeac"]
[Result "0-1"]
[WhiteElo "2598"]
[BlackElo "2981"]
[TimeControl "180+1"]
[EndTime "11:18:25 PST"]
[Termination "BogdanDeac won on time"]

1. d4 Nf6 2. c4 e6 3. g3 d5 4.
Nf3 Be7 5. Bg2 O-O 6. O-O dxc4 7. Qa4 a6 8. Qxc4 b5 9. Qc2 Bb7 10. Bd2 Be4 11. Qc1 c6 12. Nc3 Bxf3 13. Bxf3 Qxd4 14.
Rd1 Qb6 15. a4 Nbd7 16. Bg5 Ne5 17. Bg2 Rad8 18. axb5 axb5 19. Be3 Rxd1+ 20. Nxd1 c5 21. b4 Nc4 22. bxc5 Bxc5 23. Bxc5 Qxc5 24. Ne3 h6 25. Bf3 Rc8 26. Nxc4 bxc4 27. Qc3 Nd5 28.
Bxd5 Qxd5 29. Rc1 Qe4 30. Rc2 h5 31. f3 Qd5 32. Kg2 h4 0-1

[Event "*** Titled Tuesday Blitz"]
[Site "Chess.com"]
[Date "2021.02.09"]
[Round "7"]
[White "InitiatingASC"]
[Black "Korchmar_Vasiliy"]
[Result "0-1"]
[WhiteElo "2409"]
[BlackElo "2583"]
[TimeControl "180+1"]
[EndTime "11:18:25 PST"]
[Termination "Korchmar_Vasiliy won by checkmate"]

1. d4 Nf6 2. Bf4 g6 3. Nc3 c5 4.
Nf3 cxd4 5. Nxd4 Bg7 6. Qd2 Nc6 7. Nxc6 bxc6 8. Bh6 O-O 9. h4 d5 10. Bxg7 Kxg7 11. h5 d4 12. Na4 Ne4 13. Qf4 Qa5+ 14. c3 dxc3 15. O-O-O cxb2+ 16. Nxb2 Qc3+ 17. Kb1 Bf5 18.
Rd3 Qe1+ 19. Kc2 Nxf2 20. hxg6 fxg6 21. Qh6+ Kf6 22. Qh4+ Ke6 23. Qc4+ Kf6 24. Qh4+ Kf7 25. Qc4+ Kg7 26. Qd4+ Rf6 27. Rh4 Nxd3 28. exd3 Qxf1 29.
Rf4 Qxg2+ 30. Kc3 Rb8 31. Nc4 Qxa2 32. Qc5 Qb3+ 33. Kd4 Qxd3+ 34. Ke5 Re6# 0-1

[Event "*** Titled Tuesday Blitz"]
[Site "Chess.com"]
[Date "2021.02.09"]
[Round "7"]
[White "mirochka"]
[Black "onnoelgersma"]
[Result "1-0"]
[WhiteElo "2274"]
[BlackElo "2450"]
[TimeControl "180+1"]
[EndTime "11:18:25 PST"]
[Termination "mirochka won on time"]

1. e4 c5 2. b4 b6 3. bxc5 bxc5 4. Nc3 Bb7 5. Rb1 Bc6 6. Bc4 e6 7. Nf3 Nf6 8. Qe2 Be7 9. O-O O-O 10. e5 Ng4 11. d4 Qa5 12. Bd2 cxd4 13. Nd5 Qd8 14. Nxe7+ Qxe7 15. Bb4 Qd8 16. Bxf8 Qxf8 17. Nxd4 Nh6 18.
Rfd1 Qc5 19. Nxc6 Nxc6 20. Rxd7 Nxe5 21. Bd5 Nxd7 22. Bxa8 g6 23. Be4 Nb6 24. g3 Qd4 25. Qd3 Qc5 26. c3 Qa5 27. Qd8+ Kg7 28. Qd4+ f6 29.
a4 Qg5 30. Qe3 Qe5 31. Bf3 Qc7 32. a5 Nd5 33. Qxe6 1-0

[Event "*** Titled Tuesday Blitz"]
[Site "Chess.com"]
[Date "2021.02.09"]
[Round "7"]
[White "Artem_Koval"]
[Black "WonderChampion"]
[Result "0-1"]
[WhiteElo "2234"]
[BlackElo "2072"]
[TimeControl "180+1"]
[EndTime "11:18:25 PST"]
[Termination "WonderChampion won on time"]

1. d4 d5 2. Bf4 Nf6 3. e3 e6 4. Nd2 c5 5. c3 Nc6 6. Bd3 a6 7. Ngf3 c4 8. Bc2 b5 9. Ne5 Bd7 10. g4 h6 11. h4 a5 12. Qf3 b4 13. g5 hxg5 14. hxg5 Rxh1+ 15. Qxh1 Nxe5 16. Bxe5 Ng4 17. Bf4 a4 18. f3 bxc3 19. bxc3 Qa5 20. Nb1 Rb8 21.
Bxb8 Nxe3 22. Kd2 Nxc2 23. Kxc2 a3 24. Nd2 Ba4+ 25. Nb3 Qb5 26. Rb1 Qxb8 27. g6 f6 28. Qh3 f5 29. Qh4 cxb3+ 30. axb3 a2 31. Ra1 Qxb3+ 32.
Kd2 Qb2+ 33. Ke3 Qxc3+ 34. Kf4 Qxd4+ 35. Kg3 Bd6+ 36. Kg2 Qxh4 0-1

[Event "*** Titled Tuesday Blitz"]
[Site "Chess.com"]
[Date "2021.02.09"]
[Round "7"]
[White "sorrm8thatscheckm8"]
[Black "Supernotar"]
[Result "0-1"]
[WhiteElo "2589"]
[BlackElo "2805"]
[TimeControl "180+1"]
[EndTime "11:18:26 PST"]
[Termination "Supernotar won by checkmate"]

1. d4 d5 2. c4 dxc4 3. e4 Nf6 4. e5 Nd5 5. Bxc4 Nb6 6. Bd3 Nc6 7. Ne2 Nb4 8. Be4 N4d5 9. Nbc3 Be6 10. O-O c6 11. f4 f5 12. exf6 exf6 13. f5 Bf7 14. Nf4 Nxf4 15.
Bxf4 Bd6 16. Kh1 O-O 17. Qg4 Bxf4 18. Rxf4 Nd5 19. Nxd5 Bxd5 20. Bc2 Qe7 21. Qh5 Qf7 22. Qh3 Kh8 23. Rh4 Qg8 24. Bd1 Bf7 25. Bf3 Rfe8 26. Qg3 Re7 27. a4 Rae8 28. h3 h6 29. a5 a6 30. Qf4 Kh7 31. Kh2 Qf8 32. Ra3 Re1 33. Bg4 Qb4 34. Rg3 R8e4 35. Qc7 Qxd4 36. Rf3 R4e2 37. Kg3 Rxg2+ 38. Kxg2 Qg1# 0-1

[Event "*** Titled Tuesday Blitz"]
[Site "Chess.com"]
[Date "2021.02.09"]
[Round "7"]
[White "onetowin"]
[Black "floplover"]
[Result "0-1"]
[WhiteElo "2023"]
[BlackElo "2294"]
[TimeControl "180+1"]
[EndTime "11:18:26 PST"]
[Termination "floplover won on time"]

1. d4 d5 2. Nf3 e6 3. g3 Nf6 4. Bg2 Be7 5. O-O O-O 6. c4 dxc4 7. Qc2 a6 8. a4 Bd7 9. Nc3 Nc6 10. Rd1 Nb4 11.
Qb1 Bc6 12. e4 b5 13. d5 exd5 14. e5 Nd7 15. Bf4 Qc8 16. Ng5 Bxg5 17. Bxg5 Nxe5 18. Be7 Ned3 19. Bxf8 Qxf8 20. axb5 axb5 21. Rxa8 Qxa8 22.
b3 Qa7 23. Rd2 Qd4 24. Nd1 c3 25. Qa1 Qe5 26. Nxc3 h6 27. Re2 Qd4 28. Nxb5 Bxb5 29. Qa8+ Kh7 30. Qd8 Nxf2 0-1